Map: Kompleks Wolfe Industries

Players

Gracz - Winner!

  • Race: Terran Terran
  • Spawn Location: 12:00

HAJPER - Winner!

  • Race: Terran Terran
  • Spawn Location: 3:00

SI 2 (Średnio trudna)

  • Race: Terran Terran
  • Spawn Location: 7:00

SI 3 (Średnio trudna)

  • Race: Terran Terran
  • Spawn Location: 7:00

VOD

Have the link to the VOD?

Description

Time

  • Played on: Feb. 20, 2016, 4:26 p.m.
  • Length: 22:07
Show
View Real Time Build Order
Export as new Build Order

Gracz Terran - Winner!

Build Orders:  

Get SALT Encoding   

  12  0:02  SCV  
  13  0:16  Refinery  
  13  0:25  Refinery  
  13  0:43  Supply Depot  
  13  0:53  Engineering Bay  
  13  1:15  Barracks  
  13  2:10  Supply Depot  
  13  2:19  Barracks  
  13  2:27  Orbital Command  
  13  2:30  Marine  
  14  2:40  Bunker  
  14  3:00  Neosteel Frame  
  14  3:07  SCV  
  15  3:12  Supply Depot  
  15  3:16  Barracks Reactor  
  15  3:18  Barracks Tech Lab  
  15  3:19  SCV  
  16  3:31  SCV  
  17  3:48  Bunker  
  17  3:54  Marine x2  
  19  4:19  Hi-Sec Auto Tracking  
  19  4:21  Supply Depot  
  19  4:33  Marine x2  
  19  4:34  Marauder  
  23  4:52  Sensor Tower  
  23  4:56  Marine  
  24  5:18  Command Center  
  24  5:20  Factory  
  21  6:01  Bunker  
  21  6:14  Hellion  
  21  6:15  Factory  
  21  6:17  Marine  
  21  6:18  Marine  
  25  6:20  Marauder  
  27  6:38  SCV  
  27  6:39  Refinery x2  
  28  6:43  Factory Reactor  
  28  6:48  Marine  
  28  6:49  Marine  
  28  6:50  SCV  
  31  6:59  SCV  
  32  7:03  SCV  
  33  7:11  SCV, Factory Tech Lab  
  33  7:15  SCV  
  33  7:27  SCV  
  26  8:07  Starport  
  26  8:15  Bunker  
  26  8:41  Building Armor  
  26  8:57  Starport Tech Lab  
  26  8:58  Armory  
  26  9:15  Starport  
  26  9:21  SCV  
  27  9:25  SCV  
  28  9:33  SCV  
  28  9:37  SCV  
  31  9:45  SCV  
  31  9:52  Fusion Core  
  31  9:57  SCV  
  32  10:09  SCV  
  32  10:11  Starport Tech Lab  
  32  10:14  Starport  
  33  10:22  Terran Infantry Weapons Level 1  
  33  10:32  Ghost Academy  
  33  10:33  Terran Ship Weapons Level 1  
  33  11:01  Starport  
  33  11:06  Starport Reactor  
  33  11:15  Starport  
  33  11:20  Battlecruiser  
  39  11:31  SCV  
  40  11:43  SCV  
  41  11:55  SCV  
  42  12:16  Terran Infantry Armor Level 1  
  42  12:18  Bunker  
  42  12:19  Missile Turret  
  42  12:27  Terran Vehicle And Ship Armor Level 1  
  42  12:40  Battlecruiser  
  48  12:45  Starport Reactor  
  48  12:47  Starport Tech Lab  
  54  12:51  Battlecruiser  
  54  13:22  Missile Turret  
  54  13:27  Medivac x2  
  54  13:29  Marine  
  54  13:30  Marine  
  60  13:35  Hellion x2  
  64  13:47  Marine x2  
  63  14:14  Marine x2  
  65  14:20  Supply Depot  
  65  14:21  Terran Ship Weapons Level 2  
  65  14:27  Weapon Refit  
  65  14:32  Marine  
  65  14:34  Battlecruiser  
  65  14:37  Viking  
  65  14:38  Viking  
  76  15:10  Behemoth Reactor  
  74  15:59  Battlecruiser  
  74  16:03  Medivac x2  
  70  20:11  Battlecruiser  
  70  20:12  Battlecruiser  
  86  20:14  Battlecruiser  
  86  21:04  Refinery x2  
  86  21:33  Supply Depot  
Show
View Real Time Build Order
Export as new Build Order

HAJPER Terran - Winner!

Build Orders:  

Get SALT Encoding   

  12  0:03  SCV  
  13  0:15  SCV  
  14  0:23  Supply Depot  
  15  0:35  SCV  
  15  0:46  Barracks  
  15  0:50  SCV  
  16  1:02  SCV  
  17  1:20  Command Center  
  17  1:35  SCV  
  18  1:41  Refinery  
  18  1:43  Refinery  
  18  1:47  SCV  
  18  1:49  Marine  
  20  1:56  Supply Depot  
  20  1:59  SCV  
  21  2:46  SCV  
  21  2:48  Refinery  
  22  2:52  Reaper  
  24  2:58  SCV  
  24  3:02  SCV  
  25  3:10  SCV  
  26  3:14  Factory, SCV  
  27  3:22  SCV  
  27  3:24  Reaper  
  27  3:26  SCV  
  30  3:34  SCV  
  30  3:39  Orbital Command  
  31  3:46  SCV  
  32  3:51  Factory  
  32  3:59  SCV  
  33  4:05  Factory Tech Lab  
  33  4:11  SCV  
  34  4:18  Supply Depot  
  34  4:23  SCV  
  35  4:35  SCV  
  36  4:39  Factory Tech Lab  
  36  4:41  Siege Tank  
  39  4:47  SCV  
  40  4:58  Siege Tank  
  40  4:59  SCV  
  44  5:01  Reaper  
  45  5:11  SCV  
  45  5:13  Siege Tank  
  49  5:23  SCV  
  50  5:30  Siege Tank  
  50  5:33  Starport, Reaper  
  50  5:34  Starport  
  54  5:57  Supply Depot  
  54  6:00  Siege Tank  
  54  6:02  Siege Tank  
  60  6:20  Refinery  
  60  6:33  Siege Tank  
  60  6:34  Siege Tank  
  66  6:48  Command Center  
  66  7:03  Orbital Command  
  66  7:14  Siege Tank  
  66  7:15  Siege Tank  
  72  7:47  Siege Tank x2  
  78  8:13  SCV  
  79  8:20  Siege Tank  
  79  8:21  Siege Tank  
  79  8:25  SCV  
  86  8:28  Medivac  
  88  8:37  SCV  
  89  8:47  Medivac  
  91  8:49  SCV  
  91  8:52  Siege Tank  
  91  8:53  Siege Tank  
  91  8:54  Refinery  
  91  8:55  Refinery  
  98  8:58  Viking  
  98  9:01  SCV  
  101  9:13  SCV  
  102  9:20  Supply Depot  
  102  9:25  SCV, Siege Tank  
  106  9:38  SCV  
  107  9:50  SCV  
  105  10:02  SCV  
  105  10:06  Viking x2  
  110  10:14  SCV  
  111  10:26  SCV  
  112  10:36  Viking x2  
  112  10:38  SCV  
  117  10:55  Supply Depot  
  117  10:56  SCV  
  118  11:06  Viking x2  
  118  11:08  Orbital Command  
  122  11:25  Cyclone  
  122  11:26  Cyclone  
  128  11:36  Viking x2  
  131  11:58  Cyclone  
  133  12:06  Cyclone, Supply Depot, Viking x2  
  140  12:30  Cyclone, Supply Depot  
  143  12:38  Cyclone  
  146  12:44  Viking  
  148  12:51  Viking  
  148  12:52  Supply Depot  
  150  13:02  Cyclone  
  153  13:10  Cyclone  
  156  13:14  Viking  
  158  13:21  Viking  
  160  13:34  Cyclone  
  163  13:42  Cyclone  
  163  13:44  Viking  
  168  13:51  Viking  
  155  14:14  Viking  
  157  14:21  Viking  
  159  14:44  Viking  
  159  14:51  Viking  
  133  15:41  Liberator  
  133  15:42  Liberator  
  109  16:04  Siege Tank x2  
  109  16:24  Liberator  
  109  16:25  Liberator  
  103  16:36  Siege Tank x2  
  107  17:07  Liberator  
  107  17:08  Liberator, Siege Tank  
  110  17:09  Siege Tank  
  119  17:40  Siege Tank  
  119  17:41  Siege Tank  
  125  17:50  Liberator x2  
  126  18:07  Barracks Reactor  
  126  18:12  Siege Tank  
  134  18:13  Siege Tank  
  137  18:33  Liberator x2  
  143  18:59  Reaper  
  143  19:00  Reaper  
  143  19:01  Siege Tank  
  143  19:02  Siege Tank  
  151  19:31  Reaper  
  151  19:32  Reaper  
  151  19:33  Siege Tank  
  151  19:34  Siege Tank  
  159  20:04  Reaper x2  
  159  20:05  Siege Tank  
  159  20:06  Siege Tank  
  167  20:36  Reaper x2  
  167  20:37  Siege Tank  
  167  20:38  Siege Tank  
  175  21:10  Siege Tank x2  
Show
View Real Time Build Order
Export as new Build Order

SI 2 (Średnio trudna) Terran 

Build Orders:  

Get SALT Encoding   

  12  0:01  SCV  
  13  0:13  SCV  
  14  0:20  Supply Depot  
  14  0:25  SCV  
  15  0:42  SCV  
  16  0:47  Barracks  
  16  0:49  Refinery  
  16  0:54  SCV  
  17  1:06  SCV  
  18  1:16  Supply Depot  
  18  1:32  Barracks  
  18  1:34  Barracks Tech Lab  
  18  1:36  Orbital Command  
  18  1:43  Refinery  
  18  1:52  Marine  
  19  2:10  Marine  
  19  2:13  Supply Depot  
  20  2:19  Marine  
  21  2:28  Marine  
  22  2:32  SCV  
  22  2:37  Marine  
  24  2:44  SCV  
  24  2:46  Engineering Bay, Marauder  
  27  2:54  Marine  
  27  2:56  SCV  
  29  2:58  Supply Depot  
  29  3:07  Marine  
  29  3:08  SCV  
  29  3:12  Marine  
  32  3:21  SCV  
  32  3:25  Marauder  
  35  3:33  SCV  
  36  4:55  Barracks Tech Lab  
  36  4:56  Reaper  
  36  4:57  SCV  
  36  4:58  Factory  
  38  5:02  Factory  
  38  5:04  Missile Turret  
  38  5:05  Supply Depot  
  38  5:07  Missile Turret  
  38  5:08  Sensor Tower  
  38  5:11  Barracks  
  38  5:14  Reaper  
  39  5:19  Command Center  
  39  5:27  Bunker  
  41  5:28  Marauder  
  33  5:44  Armory  
  33  5:45  Marine  
  33  5:48  Starport, Factory Tech Lab x2  
  33  5:49  Marine  
  31  5:59  Marine  
  32  6:08  Marine  
  33  6:17  Marine  
  33  6:18  Barracks Reactor  
  34  6:24  Starport Tech Lab  
  34  6:27  Marauder  
  34  6:31  SCV  
  37  6:34  Refinery, SCV  
  37  6:36  Marauder  
  40  6:43  SCV, Raven  
  40  6:46  SCV  
  44  6:49  Marauder  
  46  6:55  Marine  
  46  6:56  Missile Turret, SCV  
  46  6:58  Missile Turret, SCV  
  49  7:04  Marine  
  49  7:08  SCV  
  51  7:11  SCV  
  51  7:13  Marine  
  53  7:18  Bunker  
  53  7:20  SCV  
  54  7:23  SCV  
  54  7:26  Raven  
  57  7:32  SCV  
  57  7:35  SCV  
  59  7:44  SCV  
  59  7:47  SCV  
  61  7:56  SCV  
  62  7:59  SCV  
  62  8:03  Supply Depot  
  63  8:08  SCV  
  63  8:11  SCV  
  65  8:21  Refinery  
  65  8:44  SCV  
  66  9:09  Siege Tank  
  69  9:10  Medivac, Stimpack  
  69  9:12  Combat Shields  
  69  9:13  Starport  
  69  9:15  Supply Depot  
  69  9:16  Siege Tank  
  74  9:21  Engineering Bay, Command Center  
  74  9:27  Terran Infantry Weapons Level 1  
  74  9:39  Supply Depot  
  74  9:40  Medivac  
  74  9:41  Siege Tank  
  74  9:43  Marine  
  80  9:45  Ghost Academy  
  80  9:46  Terran Infantry Armor Level 1  
  80  9:50  Marine, Starport Tech Lab  
  70  9:57  Siege Tank  
  70  9:58  Fusion Core  
  66  10:04  Marine  
  67  10:09  Raven  
  67  10:10  Armory  
  67  10:12  Marine  
  70  10:19  Marine  
  71  10:26  Marine  
  72  10:30  Concussive Shells  
  72  10:33  Marine  
  72  10:34  SCV  
  74  10:37  SCV  
  74  10:40  Marine, SCV  
  77  10:45  Refinery  
  77  10:46  SCV  
  77  10:48  Missile Turret, Marine  
  77  10:49  SCV  
  80  10:52  SCV  
  80  10:55  Siege Tank  
  80  10:56  Missile Turret  
  84  10:58  Refinery, SCV  
  84  11:01  SCV  
  84  11:02  Marine  
  87  11:04  SCV  
  87  11:10  SCV, Siege Tank  
  92  11:17  Bunker  
  92  13:08  Hellion, Terran Infantry Weapons Level 2  
  92  13:09  Terran Infantry Armor Level 2  
  92  13:10  Terran Vehicle Weapons Level 1  
  92  13:11  Terran Ship Weapons Level 1, Supply Depot  
  92  13:12  Marine  
  95  13:17  Marine  
  96  13:23  Hellion  
  98  13:29  Siege Tank  
  101  13:37  Supply Depot  
  101  13:44  Siege Tank  
  101  13:45  Marine  
  101  13:50  Marine  
  101  13:55  Marine  
  96  13:57  Raven  
  96  13:59  Raven  
  96  14:01  Marine  
  81  14:06  Marine  
  79  14:11  Marine  
  79  14:16  Marine  
  81  14:21  Marine  
  81  14:23  Command Center  
  82  14:26  Marine  
  83  14:31  Marine  
  83  14:36  Siege Tank  
  87  14:40  Raven  
  87  14:41  Siege Tank  
  92  14:54  Marine  
  75  15:00  Marine  
  75  15:04  Terran Vehicle And Ship Armor Level 1, Medivac  
  75  15:05  Terran Vehicle Weapons Level 2, Marine  
  71  15:10  Marine  
  72  15:15  Marine  
  72  15:20  Marine  
  74  15:23  Medivac  
  74  15:26  Hellion  
  74  15:28  Terran Infantry Armor Level 3, Terran Infantry Weapons Level 3  
  73  15:30  Marine  
  73  15:35  Marine, SCV  
  72  15:40  Marine  
  74  15:46  Hellion  
  74  15:48  Medivac, Refinery  
  76  15:51  Marine  
  76  15:56  Missile Turret, Marine  
  71  15:59  Missile Turret, Refinery  
  71  16:01  Siege Tank  
  74  16:06  Marine, SCV  
  72  16:11  Siege Tank  
  72  16:14  SCV  
  72  16:17  Marine  
  72  16:20  Bunker  
  72  16:23  Marine  
  69  16:28  Marine  
  66  16:33  Hellion, SCV  
  66  16:36  SCV  
  66  16:38  Marine  
  66  16:43  Marine  
  61  16:48  Marine  
  61  16:53  SCV  
  61  16:54  Marine  
  61  16:56  Barracks Tech Lab  
  61  17:01  Marine  
  58  17:06  Marine  
  58  17:14  Marine  
  63  17:23  Orbital Command  
  63  17:25  Marine  
  63  17:35  Marine  
  60  17:39  Supply Depot  
  60  17:42  Marine, Starport  
  54  17:45  Factory  
  54  17:49  Barracks  
  53  18:00  Marine, Sensor Tower  
  53  18:03  Supply Depot  
  52  18:07  Barracks  
  52  18:11  Engineering Bay  
  52  18:14  Engineering Bay  
  52  18:19  Factory  
  52  18:20  Starport Reactor  
  51  18:30  Barracks  
  51  18:31  Hellion  
  51  18:33  Supply Depot  
  53  18:36  Reaper  
  54  18:41  Fusion Core  
  52  18:48  Armory  
  52  18:53  Marine  
  53  18:56  Medivac x2  
  53  18:57  Factory Reactor, Armory  
  54  19:05  Ghost Academy  
  54  19:08  Marine  
  54  19:09  Factory Tech Lab  
  52  19:11  Marine  
  52  19:16  Marine  
  48  19:32  Barracks Tech Lab  
  48  19:38  Orbital Command  
  44  19:41  Sensor Tower  
  35  19:46  Engineering Bay  
  30  20:19  Command Center  
  20  20:22  Supply Depot  
  15  20:44  Command Center  
Show
View Real Time Build Order
Export as new Build Order

SI 3 (Średnio trudna) Terran 

Build Orders:  

Get SALT Encoding   

  12  0:01  SCV  
  13  0:13  SCV  
  14  0:19  Supply Depot  
  14  0:25  SCV  
  15  0:41  SCV  
  16  0:43  Barracks  
  16  0:50  Refinery  
  16  0:53  SCV  
  17  1:05  SCV  
  18  1:16  Supply Depot  
  18  1:29  Marine  
  19  1:33  Barracks, Orbital Command  
  19  1:42  Refinery  
  19  1:48  Barracks Tech Lab  
  19  2:06  Marine  
  20  2:11  Supply Depot  
  20  2:24  Marine  
  21  2:30  Marine  
  22  2:42  Marine  
  23  2:47  Supply Depot  
  23  2:52  Marine  
  23  2:55  SCV  
  25  3:04  Marine  
  26  3:07  SCV  
  27  3:14  Engineering Bay  
  27  3:15  Marine  
  27  3:19  SCV  
  29  3:27  Marauder  
  29  3:31  SCV  
  32  3:38  Marine  
  33  3:43  SCV  
  33  3:47  Supply Depot  
  34  3:50  Marine  
  36  3:55  SCV  
  36  4:01  Marine  
  37  4:13  Marauder  
  39  4:35  Marauder  
  41  6:38  Barracks Tech Lab  
  41  6:39  Marauder  
  43  6:42  Factory  
  43  6:46  Factory, Command Center  
  43  6:48  Missile Turret  
  43  6:49  Missile Turret  
  43  6:52  Ghost Academy  
  43  6:54  Sensor Tower  
  43  6:57  Barracks  
  43  7:00  Supply Depot  
  43  7:10  Bunker  
  43  7:23  Marine  
  43  7:27  Starport, Factory Tech Lab  
  37  7:31  Armory, Factory Tech Lab  
  37  7:34  Marauder  
  33  7:43  Marine  
  30  7:46  Barracks Reactor  
  30  7:55  Marine  
  31  7:58  SCV  
  31  8:01  SCV  
  31  8:03  Marine  
  34  8:07  Refinery, Starport Tech Lab  
  34  8:08  Missile Turret  
  34  8:10  Missile Turret, SCV  
  35  8:13  SCV  
  35  8:14  Marine  
  35  8:18  Refinery  
  37  8:23  SCV  
  37  8:24  Marine  
  37  8:25  SCV  
  37  8:26  Raven  
  41  8:34  Bunker, Marine  
  41  8:35  SCV  
  41  8:37  SCV  
  44  8:44  Marine  
  44  8:47  SCV  
  46  8:50  SCV  
  46  8:54  Marine  
  48  8:59  SCV  
  48  9:02  SCV  
  50  9:04  Marauder  
  50  9:09  Raven  
  54  9:11  SCV  
  54  9:13  Ghost  
  54  9:14  SCV  
  58  9:24  Marine  
  59  9:34  Marauder  
  61  11:08  Command Center  
  61  11:14  Combat Shields, Medivac, Siege Tank  
  61  11:15  Terran Infantry Weapons Level 1, Stimpack  
  61  11:18  Starport  
  66  11:20  Supply Depot  
  66  11:21  Siege Tank  
  66  11:25  Fusion Core  
  69  11:31  Engineering Bay  
  69  11:36  Armory  
  69  11:44  Medivac  
  69  11:45  Supply Depot  
  69  11:46  Siege Tank  
  74  11:53  Siege Tank  
  69  11:54  Starport Reactor  
  69  11:55  Marine  
  69  11:56  Terran Infantry Armor Level 1  
  58  12:02  Marine  
  59  12:09  Marine  
  59  12:14  Raven  
  62  12:16  Marine  
  62  12:21  SCV  
  64  12:23  Marine  
  64  12:24  SCV  
  64  12:27  SCV  
  67  12:31  Marine  
  67  12:32  Refinery  
  67  12:33  Concussive Shells, Missile Turret, SCV  
  67  12:36  Missile Turret, SCV  
  70  12:38  Marine  
  70  12:39  Refinery, SCV  
  72  12:45  Marine, SCV  
  72  12:48  SCV  
  75  12:51  SCV  
  75  12:52  Marine  
  75  12:57  SCV  
  78  12:59  Bunker, Marine  
  78  13:00  SCV  
  78  13:03  SCV  
  81  13:07  Siege Tank  
  81  13:09  SCV  
  86  13:12  SCV  
  86  13:14  Siege Tank  
  89  14:17  Command Center  
  88  14:41  Viking  
  87  14:49  Hellion  
  87  14:50  Medivac  
  87  14:52  Bunker, Raven  
  70  14:57  Supply Depot, SCV, Marauder  
  54  15:00  SCV  
  54  15:04  Hellion  
  44  15:09  SCV  
  44  15:10  Marine  
  44  15:11  Medivac  
  44  15:12  SCV  
  48  15:14  Marine  
  48  15:18  Marine  
  50  15:21  SCV  
  50  15:22  Marine  
  50  15:24  SCV  
  50  15:26  Terran Infantry Weapons Level 2  
  48  15:28  Marine  
  48  15:31  SCV  
  48  15:33  SCV  
  48  15:35  Raven  
  47  15:36  Marine, SCV  
  47  15:40  Siege Tank  
  44  15:44  Siege Tank  
  44  15:45  Medivac x2  
  44  15:54  Marauder  
  39  16:07  SCV  
  36  16:12  Siege Tank  
  36  16:16  Siege Tank  
  36  16:17  Marauder  
  36  16:18  Raven  
  46  16:21  SCV  
  46  16:24  Viking, SCV  
  40  16:32  Command Center  
  38  16:33  SCV  
  38  16:38  Marauder  
  38  16:39  SCV  
  39  16:45  Hellion, SCV  
  34  16:48  Hellion  
  34  16:51  SCV  
  30  16:58  SCV  
  30  17:00  Raven  
  35  17:03  SCV  
  30  17:14  SCV  
  26  17:25  SCV  
  25  17:33  SCV  
  18  17:39  SCV  
  17  17:58  Command Center  
  9  18:12  SCV  
  8  18:15  SCV  
  8  18:17  SCV  
  9  18:27  SCV  
  8  18:39  SCV  
  7  18:42  SCV  
  7  18:44  Supply Depot  
  8  18:51  SCV  
  8  18:55  SCV  
  10  19:05  SCV  
  10  19:12  SCV  
  11  19:17  Barracks  
  11  19:38  Command Center  
  11  19:40  SCV  
  12  19:47  SCV  
  12  19:52  SCV  
  14  19:59  SCV  
  14  20:07  SCV  
  15  20:17  SCV  
  16  20:25  SCV  
  16  20:34  SCV  
  15  20:37  SCV  
  15  20:38  Barracks  
  16  20:46  SCV  
  16  20:49  SCV  
  18  20:50  Refinery  
  18  20:55  Engineering Bay  
  18  20:59  Supply Depot  
  18  21:00  SCV  
  18  21:02  SCV  
  18  21:04  Barracks  
  19  21:13  SCV  
  19  21:15  SCV  
  19  21:17  Command Center  
  17  21:25  SCV  
  18  21:34  Refinery  
  18  21:36  Engineering Bay  
  18  21:37  SCV  
  13  21:50  Refinery  
  13  21:59  Supply Depot  
Tags
 
Add a new tag
Caveats
  • Supply blocks, unpowered buildings, or Contaminate may cause inaccurate times.
  • Supply counts are checked every 10 seconds.